 Dungeon Crawl Stone Soup version 0.28.0-45-g0d030f2227 (webtiles) character file.

Game seed: 11964779885576206177

223 pkoi the Insei (level 5, -3/41 HPs)
             Began as a Demigod Gladiator on Apr 8, 2022.
             Slain by a sky beast (6 damage)
             ... on level 5 of the Dungeon.
             The game lasted 00:05:31 (4900 turns).

pkoi the Insei (Demigod Gladiator)                  Turns: 4900, Time: 00:05:32

Health: -3/41      AC:  6    Str: 15    XL:     5   Next: 39%
Magic:  10/10      EV: 12    Int: 14    God:
Gold:   161        SH:  0    Dex: 15    Spells: 6/7 levels left

rFire   . . .      SeeInvis .     - Unarmed
rCold   . . .      Faith    .   (no shield)
rNeg    . . .      Spirit   .   a - +0 leather armour
rPois   +          Reflect  .   b - +1 helmet
rElec   .          Harm     .   m - +0 cloak
rCorr   .          Rampage  .   (no gloves)
Will    .....                   (no boots)
Stlth   +.........              e - amulet of magic regeneration
HPRegen 0.13/turn               o - ring of poison resistance
MPRegen 0.52/turn               (no ring)

@: no status effects
A: high MP 1, forlorn, divine attributes
a: no special abilities


You were on level 5 of the Dungeon.
You visited 1 branch of the dungeon, and saw 6 of its levels.

You collected 161 gold pieces.

Inventory:

Hand Weapons
 i - a +0 hand axe
 j - a +1 dagger
Missiles
 c - 2 throwing nets (quivered)
Armour
 a - a +0 leather armour (worn)
 b - a +1 helmet (worn)
 m - a +0 cloak (worn)
Jewellery
 e - an amulet of magic regeneration (around neck)
 o - a ring of poison resistance (left hand)
Scrolls
 f - a scroll of enchant armour
Potions
 d - a potion of haste {unknown}
 g - 2 potions of curing {unknown}
 h - a potion of degeneration {unknown}
 k - a potion of flight {unknown}
 l - a potion of invisibility {unknown}
 n - a potion of brilliance {unknown}
 p - 2 potions of attraction {unknown}
 q - a potion of mutation {unknown}


   Skills:
 - Level 1.7 Fighting
 - Level 1.7 Throwing
 - Level 2.6 Dodging
 * Level 4.8 Unarmed Combat
 + Level 1.8 Spellcasting
 + Level 2.0 Summonings


You had 6 spell levels left.
You knew the following spells:

 Your Spells              Type           Power      Damage    Failure   Level
a - Summon Small Mammal   Summ           28%        N/A       13%         1

Your spell library contained the following spells:

 Spells                   Type           Power      Damage    Failure   Level
 Animate Skeleton         Necr           2%         N/A       30%         1
 Apportation              Tloc           2%         N/A       30%         1
 Static Discharge         Conj/Air       1%         N/A       41%         2
 Ozocubu's Armour         Ice            1%         N/A       65%         3
 Dispel Undead            Necr           1%         3d6       96%         4
 Sticky Flame             Conj/Fire      1%         2d3       96%         4
 Ozocubu's Refrigeration  Ice            0%         4d5       100%        7


Dungeon Overview and Level Annotations

Branches:
Dungeon (6/15)
 Temple: D:4-7

Shops:
D:1 ?


Innate Abilities, Weirdness & Mutations

You have an increased reservoir of magic. (+10% MP)
You shall have no god before yourself.
Your divine heritage dramatically boosts your attributes as you level up.


Message History

A sky beast appears from thin air!
Reactivating autopickup.
The sky beast barely misses you.
Your bat completely misses the sky beast.
You hit the sky beast.
The sky beast is moderately wounded.
Your bat closely misses the sky beast.
The sky beast flickers out of sight!
Deactivating autopickup; reactivate with Ctrl-A.
Something hits you but does no damage.
You closely miss something.
Your bat hits something but does no damage.
Unknown command.
You swap places.
Your bat barely misses something.
Something hits you.
* * * LOW HITPOINT WARNING * * *
Something shocks you.
* * * LOW HITPOINT WARNING * * *
Your bat misses something.
A sky beast appears from thin air!
Reactivating autopickup.
The sky beast hits your bat.
Your bat dies!
Your bat's corpse disappears in a puff of smoke!
Your rat bites the sky beast.
Your rat misses the sky beast.
There is a stone staircase leading down here.
Attack: -) Nothing wielded
Press: ? - help, Dir - move target, f - sky beast
Aim: a sky beast (moderately wounded, ally target, about 50% to evade your hands)
Okay, then.
You aren't carrying any items that you can evoke.
Throw: 3 throwing nets
Press: ? - help, Q - select action, (/) - cycle Shift-Dir - straight line, f - sky beast
Aim: a sky beast (moderately wounded, ally target, 46% to hit)
You throw a throwing net.
The throwing net closely misses the sky beast.
The sky beast flickers out of sight!
Deactivating autopickup; reactivate with Ctrl-A.
Something hits you.
* * * LOW HITPOINT WARNING * * *
Something shocks you.
You die...

##########
##...##...##
##..........##
#............#
#........@...#
#......r{....#
##..........##
##....#.......#
##.......#####
#..........
.....########
...(.(.#
../......#


You could see a friendly rat (summoned).

Vanquished Creatures
  A centaur skeleton (D:6)
  An iguana (D:6)
  2 adders
  A worm (D:2)
  2 dart slugs
  An orc (D:4)
  4 ball pythons
  3 endoplasms
  A giant cockroach (D:2)
  9 hobgoblins
  6 jackals
  7 kobolds
  2 quokkas (D:2)
  3 bats
  4 frilled lizards
  3 goblins
  5 rats
55 creatures vanquished.

Vanquished Creatures (collateral kills)
  A kobold brigand (D:4)
  An adder (D:3)
  A worm (D:2)
3 creatures vanquished.

Grand Total: 58 creatures vanquished

Notes
Turn   | Place    | Note
-------+----------+-------------------------------------------
     0 | D:1      | pkoi the Demigod Gladiator began the quest for the Orb.
     0 | D:1      | Reached XP level 1. HP: 17/17 MP: 3/3
   395 | D:1      | Reached skill level 3 in Unarmed Combat
   731 | D:1      | Reached XP level 2. HP: 24/24 MP: 4/4
   746 | D:1      | Learned a level 1 spell: Summon Small Mammal
   889 | D:1      | Found Xehibuwu's Magic Scroll Shop.
  2340 | D:2      | Reached XP level 3. HP: 22/29 MP: 3/6
  3138 | D:3      | Noticed a sky beast
  3212 | D:3      | Reached skill level 1 in Summonings
  3235 | D:3      | Reached skill level 4 in Unarmed Combat
  3310 | D:3      | Reached skill level 1 in Spellcasting
  3852 | D:3      | Reached XP level 4. HP: 34/36 MP: 8/8
  4008 | D:4      | Noticed a kobold brigand
  4028 | D:4      | Killed a kobold brigand
  4645 | D:4      | You fall into a shaft and drop 2 floors!
  4655 | D:6      | Reached XP level 5. HP: 38/41 MP: 10/10
  4874 | D:5      | Entered Level 5 of the Dungeon
  4876 | D:5      | Noticed a sky beast
  4900 | D:5      | Slain by a sky beast

Illustrated notes

Levels and vault maps discovered:
D:1:      dpeg_arrival_boxes_within_box, layout_rooms, serial_forest,
          infiniplex_forest_lined_room_2, infiniplex_forest_zigzag_2,
          infiniplex_forest_side_room, infiniplex_forest_end_2,
          infiniplex_forest_diagonal, infiniplex_forest_straight_4,
          serial_shops, nicolae_shop_temple_entry_statues_fountains,
          minmay_misc_feat_columns, amcnicky_mini_corridor_feature,
          minmay_misc_feat_doors
D:2:      layout_loops_corners, kennysheep_big_empty_room
D:3:      layout_basic, grunt_temple_overflow_open
D:4:      layout_loops_corners, minmay_temple_entry_stoned_glass
D:5:      layout_rooms, minmay_misc_feat_tower, minmay_misc_feat_diagonals,
          uniq_edmund
D:6:      layout_basic

Skill      XL: |  1  2  3  4  5 |
---------------+----------------+-----
Unarmed Combat | 3 4 |  4.8
Summonings     | 1 2 |  2.0
Spellcasting   | 1 |  1.8
Fighting       | |  1.7
Throwing       | |  1.7
Dodging        | |  2.6

Action                   |  1- 3 |  4- 6 || total
-------------------------+-------+-------++-------
Melee: Unarmed           |   233 |    63 ||   296
       Punch             |     3 |     3 ||     6
Throw: Throwing net      |       |     1 ||     1
 Cast: Summon Small Mamm |     9 |     6 ||    15
  Use: Scroll            |     5 |       ||     5
 Stab: Sleeping          |     2 |       ||     2
Armor: Leather armour    |    70 |    20 ||    90
Dodge: Dodged            |   116 |    37 ||   153
